 Dungeon Crawl Stone Soup version 0.31.0-11-ge490571c62 (webtiles) character file.

Game seed: 16180570528725881816

37 qw the Shooter (level 3, 0/20 HPs)
             Began as a Deep Elf Hunter on Feb 4, 2024.
             Succumbed to their own poison gas
             ... on level 1 of the Dungeon.
             The game lasted 00:00:02 (1129 turns).

qw the Shooter (Deep Elf Hunter)                    Turns: 1129, Time: 00:00:03

Health: 0/20       AC:  5    Str: 10    XL:     3   Next: 23%
Magic:  5/5        EV: 12    Int: 13    God:
Gold:   37         SH:  0    Dex: 18    Spells: 2/2 levels left

rFire   . . .        a - +0 shortbow
rCold   . . .        (shield currently unavailable)
rNeg    . . .        c - +0 leather armour
rPois   .            d - +1 helmet
rElec   .            (no cloak)
rCorr   .            (no gloves)
SInv    .            (no boots)
Will    .....        (no amulet)
Stlth   ++           (no ring)
HPRegen 0.23/turn    (no ring)
MPRegen 0.09/turn

%: no passive effects
@: lethally poisoned (0 -> -5)
A: no striking features
a: no special abilities


You were on level 1 of the Dungeon.
You visited 1 branch of the dungeon, and saw 2 of its levels.

You collected 37 gold pieces.


   Skills:
 - Level 1.5 Fighting
 + Level 6.8 Ranged Weapons
 - Level 2.4 Dodging
 - Level 1.2 Stealth


You had 2 spell levels left.
You didn't know any spells.
Your spell library was empty.

Inventory:

Hand Weapons
 a - a +0 shortbow (weapon)
Armour
 c - a +0 leather armour (worn)
 d - a +1 helmet (worn)
Potions
 e - a potion of cancellation {unknown}

Dungeon Overview and Level Annotations

Branches:
Dungeon (2/15)

Altars:


Message History

It was a scroll of poison.
1121 ||| READING scroll labelled DAENAOXTEG.
As you read the scroll labelled DAENAOXTEG, it crumbles to dust.
It is a scroll of identify.
1121 ||| IDENTIFYING murky orange potion
b - a potion of attraction
1122 ||| READING scroll labelled VOUKER WETEIW.
As you read the scroll labelled VOUKER WETEIW, it crumbles to dust.
Wisps of shadow whirl around you...
It was a scroll of summoning.
1123 ||| DROPPING potion of attraction.
You drop a potion of attraction.
Your hobgoblin is engulfed in poison gas.
Your hobgoblin is poisoned.
You kill your hobgoblin!
Your hobgoblin's corpse dissolves into shadows!
Your rat is engulfed in poison gas.
Your rat is poisoned.
You kill your rat!
Your rat's corpse dissolves into shadows!
Your frilled lizard is engulfed in poison gas.
Your frilled lizard is poisoned.
You kill your frilled lizard!
Your frilled lizard's corpse dissolves into shadows!
Enter note:
Enter note:
Enter note:
Enter note: You are engulfed in poison gas.
You are poisoned.
You feel very sick.
1125 ||| Stepping ~*~*~tactically~*~*~ (cloud).
You feel very sick.
Things that are here:
a potion of attraction; a ring of magical power
There is a lethal amount of poison in your body!
You feel very sick.
There is a lethal amount of poison in your body!
You feel sick.
There is a lethal amount of poison in your body!
You feel sick.
There is a lethal amount of poison in your body!
You die...

#..~~~..#.# #.# ##...#
##.........# ##.# ##.....
##........## ##..# ##......
.###....###########...####.......
.'.>###..................'.......
.#.## ##.##########...####.......
##.# #.# ##..# ##...... ##.##
##.# ######¤## ##..... ##.###.##
#@¤¤0¤¤¤# ##...# ##...##
#¤####¤¤# ##+## #.### #0# #...#
#.# ####.# #0###.#.# #.# ...#.#
#0......# ##.## ##.#.# #####.###
##.... ##.#.# #.# #..... ##.#.#
#.########.... )#.#.#
#........##.#.


There were no monsters in sight!

Vanquished Creatures
  An adder (D:2)
  A dart slug (D:1)
  3 endoplasms (D:1)
  4 goblins
  A hobgoblin (D:1)
  A quokka (D:1)
  2 ball pythons (D:1)
  4 bats (D:1)
  5 kobolds
  2 rats (D:1)
24 creatures vanquished.

Notes
Turn   | Place    | Note
-------+----------+-------------------------------------------
     0 | D:1      | qw the Deep Elf Hunter began the quest for the Orb.
     0 | D:1      | Reached XP level 1. HP: 12/12 MP: 3/3
     0 | D:1      | 0 ||| qw: Version: 0.3-a-160-g6735b56
     0 | D:1      | 0 ||| qw: Game counter: 4949
     0 | D:1      | 0 ||| qw: Melee chars always use a shield: true
     0 | D:1      | 0 ||| qw: God list: Okawaru
     0 | D:1      | 0 ||| qw: Allow faded altars: false
     0 | D:1      | 0 ||| qw: Do Orc after clearing Dungeon:15 true
     0 | D:1      | 0 ||| qw: Do second Lair branch before Depths: true
     0 | D:1      | 0 ||| qw: Lair rune preference: random
     0 | D:1      | 0 ||| qw: Goals: Normal
     0 | D:1      | 0 ||| PLANNING D:1-11
   213 | D:1      | You fall into a shaft and drop 1 floor!
   222 | D:2      | Reached skill level 6 in Ranged Weapons
   222 | D:2      | Reached XP level 2. HP: 16/16 MP: 4/4
   251 | D:2      | 251 ||| UPGRADING to +0 helmet.
   256 | D:2      | 256 ||| READING scroll labelled WEGYNU UNNE.
   256 | D:2      | 256 ||| ENCHANTING +0 helmet.
   257 | D:2      | 257 ||| DROPPING scroll of butterflies.
   848 | D:1      | Reached XP level 3. HP: 15/20 MP: 5/5
  1119 | D:1      | 1119 ||| DROPPING ring of magical power.
  1120 | D:1      | 1120 ||| READING scroll labelled CAURGHEO FITONN.
  1121 | D:1      | 1121 ||| READING scroll labelled DAENAOXTEG.
  1121 | D:1      | 1121 ||| IDENTIFYING murky orange potion
  1122 | D:1      | 1122 ||| READING scroll labelled VOUKER WETEIW.
  1123 | D:1      | 1123 ||| DROPPING potion of attraction.
  1125 | D:1      | 1125 ||| Stepping ~*~*~tactically~*~*~ (cloud).
  1126 | D:1      | HP: 4/20 [poisoned by you (poison gas)]
  1129 | D:1      | Succumbed to their own poison gas

Levels and vault maps discovered:
D:1:      pf_arrival_petrified_forest, layout_loops_corners, moated_statue,
          dk_noncrumbling_4
D:2:      layout_loops_corners, minmay_misc_feat_iff

Skill      XL: |  1 |
---------------+----+-----
Ranged Weapons | 6 |  6.8
Fighting       | |  1.5
Dodging        | |  2.4
Stealth        | |  1.2

Action                     || total
---------------------------++-------
   Fire: Shortbow          ||    80
    Use: Scroll            ||     4
 Armour: Leather armour    ||    22
  Dodge: Dodged            ||    24

Table legend:
 A = Non-vault XP
 B = Vault XP
 C = Vault XP percentage of total XP
 D = Non-vault monster count
 E = Vault monster count
 F = Vault count percentage of total count
                 A         B        C        D         E       F
            +---------+---------+-------+---------+---------+-------
      Total |      54 |       0 |   0.0 |      24 |       0 |   0.0
            +---------+---------+-------+---------+---------+-------
        D:1 |      37 |       0 |   0.0 |      21 |       0 |   0.0
        D:2 |      17 |       0 |   0.0 |       3 |       0 |   0.0
            +---------+---------+-------+---------+---------+-------
